[Event "Titled Tuesday Blitz June 28 Late 2022"]
[White "Novikova, Galina"]
[Black "Ozates, Tuna"]
[WhiteFideId "4157095"]
[BlackFideId "6354521"]
[WhiteElo "1863"]
[BlackElo "1887"]
[Result "0-1"]
[Round "08"]
[TimeControl "180+1"]
[Date "2022.06.29"]
[WhiteClock "0:00:05"]
[BlackClock "0:00:06"]

1. e4 c5 2. Nf3 Nc6 3. d4 cxd4 4. Nxd4 e5 5. Nb3 Nf6 6. Bg5 a5 7. a4 Qb6 8. Bd3 Nb4 9. O-O h6 10. Bh4 d5 11. Bxf6 gxf6 12. Bb5+ Ke7 13. exd5 Rg8 14. Kh1 Bg4 15. f3 Bf5 16. Na3 Rc8 17. Nc4 Rxc4 18. Bxc4 Nxc2 19. Rc1 Ne3 20. Qe2 Rxg2 21. Rf2 Rxf2 22. Qxf2 Nxc4 23. Qxb6 Nxb6 24. Rc7+ Kd6 25. Rxb7 Nxd5 26. Nxa5 Ke6 27. Nc6 Ne7 28. Nd8+ Kd5 29. a5 Nc6 30. Nxf7 e4 31. a6 exf3 32. Rb5+ Ke4 33. Nxh6 Bh3 34. Rb4+ Bxb4 35. a7 Bg2+ 36. Kg1 Bc5# 0-1


[Site "https://www.chess.com"]

[Event "Titled Tuesday Blitz June 28 Late 2022"]
[White "Paravyan, David"]
[Black "Preotu, Razvan"]
[WhiteFideId "4194985"]
[BlackFideId "2613280"]
[WhiteElo "2569"]
[BlackElo "2407"]
[Result "1/2-1/2"]
[Round "08"]
[TimeControl "180+1"]
[Date "2022.06.28"]
[WhiteClock "0:00:04"]
[BlackClock "0:00:06"]

1. e4 c5 2. Nf3 d6 3. d4 cxd4 4. Nxd4 Nf6 5. Nc3 a6 6. Bg5 e6 7. f4 Be7 8. Qf3 Qc7 9. O-O-O Nbd7 10. Bd3 b5 11. Rhe1 Bb7 12. Qg3 b4 13. Nd5 exd5 14. exd5 Kd8 15. Nc6+ Bxc6 16. dxc6 Qxc6 17. Bxf6 Nxf6 18. Qxg7 Re8 19. Rxe7 Kxe7 20. Re1+ Kd8 21. Qxf6+ Kc7 22. Qxf7+ Kb6 23. Rd1 Qxg2 24. Qc4 a5 25. Qd4+ Kc7 26. Rg1 Qc6 27. Rg7+ Kb8 28. b3 Qc5 29. Qxc5 dxc5 30. Rg5 Rf8 31. Rxc5 Rxf4 32. Bxh7 Rh4 33. Bd3 Rxh2 34. Kb2 Rh4 35. a4 bxa3+ 36. Kxa3 Kb7 37. Re5 Kb6 38. Rb5+ Kc6 39. Re5 Ra7 40. Bb5+ Kd6 41. Rg5 Rh1 42. Kb2 Rh2 43. Bd3 Rf2 44. Ka3 Rh2 45. Ka4 Rh4+ 46. Bc4 Rh2 47. Bd3 Rh4+ 48. Ka3 Rh2 49. Rf5 Rg2 50. Rh5 Rf2 51. Ka4 Rf4+ 52. c4 Rf2 53. Be4 Ra2+ 54. Kb5 Ra3 55. Rd5+ Ke6 56. Rd3 Ke5 57. Bg6 Rb7+ 58. Kc6 Rbxb3 59. Rd5+ Kf6 60. Rd6+ Ke5 61. Rd5+ Kf4 62. c5 a4 63. Rd4+ Ke3 64. Re4+ Kf3 65. Rc4 Rc3 66. Rb4 Rc1 67. Kb6 Rac3 68. Be4+ Ke3 69. c6 a3 70. Bd5 R1c2 71. Ra4 Rb2+ 72. Kc7 Rc5 73. Kd6 Rc3 74. c7 Rd2 75. Ra8 a2 76. Rxa2 Rxa2 77. Bxa2 Rxc7 78. Kxc7 1/2-1/2


[Site "https://www.chess.com"]

[Event "Titled Tuesday Blitz June 28 Late 2022"]
[White "Perske, Thore"]
[Black "Adewumi, Tanitoluwa"]
[WhiteFideId "12902195"]
[BlackFideId "30966396"]
[WhiteElo "2315"]
[BlackElo "2651"]
[Result "1-0"]
[Round "08"]
[TimeControl "180+1"]
[Date "2022.06.28"]
[WhiteClock "0:00:13"]
[BlackClock "0:00:20"]

1. e4 c5 2. Nf3 e6 3. d4 cxd4 4. Nxd4 Nc6 5. Nc3 Qc7 6. Be3 a6 7. Be2 Nf6 8. O-O Be7 9. f4 d6 10. Qe1 O-O 11. Kh1 Nxd4 12. Bxd4 b5 13. Qg3 Bb7 14. a3 Rad8 15. Rae1 Kh8 16. Bd3 d5 17. e5 Ne4 18. Qe3 Bc5 19. Bxc5 Qxc5 20. Bxe4 Qxe3 21. Rxe3 dxe4 22. Rfe1 f5 23. exf6 Rxf6 24. g3 e5 25. Nxe4 exf4 26. gxf4 Rxf4 27. Kg1 h6 28. Nc5 Bc6 29. Nd3 Rfd4 30. Kf2 Rf8+ 31. Ke2 Rh4 32. h3 Bg2 33. Nf2 Rhf4 34. Nd3 Rh4 35. Nf2 Rhf4 36. Nd3 Rf3 37. Rxf3 Bxf3+ 38. Kd2 Bg2 39. h4 h5 40. Re6 Bf3 41. Rxa6 Rd8 42. Rb6 Rd4 43. Ke3 Re4+ 44. Kxf3 Rxh4 45. Nf4 Kg8 46. Rb8+ Kh7 47. Rxb5 g6 48. Rb6 Rg4 49. Rxg6 Rxg6 50. Nxg6 h4 51. Nxh4 Kg7 52. Ng2 Kf6 53. Ke3 Ke7 54. Kd3 Kd6 55. c3 Kc7 56. c4 Kb6 57. b4 Kb7 58. Kc3 Ka7 59. Kd4 Ka8 60. c5 Kb8 61. b5 Kc7 62. a4 Kc8 63. a5 Kb8 64. a6 Kc8 65. b6 Kb8 66. c6 Ka8 67. Ne3 Kb8 68. Kd5 Ka8 69. Ke6 Kb8 70. Ke7 Ka8 71. Kd7 Kb8 72. c7+ Ka8 73. c8=Q# 1-0


[Site "https://www.chess.com"]

[Event "Titled Tuesday Blitz June 28 Late 2022"]
[White "Petersson, Kjell"]
[Black "Winkels, Marcel"]
[WhiteFideId "1705148"]
[BlackFideId "1003887"]
[WhiteElo "2009"]
[BlackElo "1900"]
[Result "1-0"]
[Round "08"]
[TimeControl "180+1"]
[Date "2022.06.29"]
[WhiteClock "0:00:51"]
[BlackClock "0:00:39"]

1. d4 Nf6 2. Bf4 g6 3. Nc3 d5 4. e3 a6 5. h4 h5 6. Nf3 Bg7 7. Ne5 O-O 8. Be2 Nbd7 9. f3 Nxe5 10. Bxe5 c5 11. g4 Nd7 12. Bxg7 Kxg7 13. gxh5 Nf6 14. hxg6 fxg6 15. Qd2 c4 16. O-O-O b5 17. e4 b4 18. Nxd5 Nxd5 19. exd5 c3 20. Qg5 Bf5 21. h5 e6 22. Qg3 Qxd5 23. b3 Rh8 24. hxg6 a5 25. Rh7+ Rxh7 26. gxh7+ Kh8 27. Rg1 Qd7 28. Qg8+ Rxg8 29. hxg8=Q# 1-0


[Site "https://www.chess.com"]

[Event "Titled Tuesday Blitz June 28 Late 2022"]
[White "Petrovic, Aleksa"]
[Black "Kim, Sergey"]
[WhiteFideId "967629"]
[BlackFideId "13700570"]
[WhiteElo "2117"]
[BlackElo "2591"]
[Result "0-1"]
[Round "08"]
[TimeControl "180+1"]
[Date "2022.06.29"]
[WhiteClock "0:00:01"]
[BlackClock "0:00:11"]

1. d4 Nf6 2. c4 g6 3. f3 Bg7 4. e4 d6 5. Nc3 O-O 6. Nge2 Nc6 7. Bg5 a6 8. Qd2 Rb8 9. Rc1 e5 10. d5 Ne7 11. Nd1 c5 12. h4 h5 13. Nf2 b5 14. Nc3 bxc4 15. Nb1 Nh7 16. Na3 Nxg5 17. hxg5 Bd7 18. Nxc4 Bb5 19. Bd3 Nc8 20. g4 h4 21. Rxh4 Nb6 22. Nd1 Nxc4 23. Bxc4 f6 24. Ne3 fxg5 25. Rh3 Rf4 26. Ke2 Qf6 27. Ng2 Bd7 28. Nxf4 exf4 29. b3 a5 30. a4 Rb4 31. Kf2 Qe5 32. Kg2 Qf6 33. Qd3 Qb2+ 34. Rc2 Qa1 35. Rh1 Qe5 36. Rhc1 Bf6 37. Bb5 Bc8 38. Rc4 Bd8 39. Rxb4 axb4 40. Rc2 Kg7 41. Ba6 Bd7 42. Bb7 Qa1 43. Qa6 Qd1 44. Qe2 Qb1 45. Bc6 Bc8 46. Qc4 Bf6 47. a5 Ba6 48. Qxa6 Qxc2+ 49. Kf1 Bd4 50. Qe2 Qb1+ 51. Qe1 Qa2 52. Qe2 Qxa5 53. Kg2 Qa1 54. Qf1 Qb2+ 55. Kh3 Qxb3 56. Bb5 Qc2 57. Be2 Qd2 58. Qd1 Qe3 59. Qc2 b3 60. Qd1 b2 61. Bd3 Qf2 62. Qg1 Qxg1 0-1


[Site "https://www.chess.com"]

[Event "Titled Tuesday Blitz June 28 Late 2022"]
[White "Popilski, Gil"]
[Black "Leiva, Gianmarco"]
[WhiteFideId "2809060"]
[BlackFideId "3804399"]
[WhiteElo "2537"]
[BlackElo "2323"]
[Result "1-0"]
[Round "08"]
[TimeControl "180+1"]
[Date "2022.06.28"]
[WhiteClock "0:00:19"]
[BlackClock "0:00:01"]

1. e4 c5 2. Nf3 d6 3. d4 cxd4 4. Nxd4 Nf6 5. Nc3 a6 6. Bc4 e6 7. Bb3 b5 8. Qf3 Qb6 9. Be3 Qb7 10. O-O-O Be7 11. Rhe1 Nc6 12. Nxc6 Qxc6 13. Bd4 e5 14. Nd5 Be6 15. Bc3 a5 16. Nxe7 Kxe7 17. Bd5 Qc7 18. Bxa8 Rxa8 19. Bd2 Bxa2 20. Bg5 Be6 21. Qe3 Ra6 22. f4 a4 23. Qa3 Ke8 24. fxe5 dxe5 25. Bxf6 gxf6 26. Re3 Rc6 27. Rg3 Rxc2+ 28. Kb1 Rc5 29. Rg8+ Ke7 30. g4 Bb3 31. Rdd8 Bc2+ 32. Ka1 f5 33. g5 fxe4 34. Rge8# 1-0


[Site "https://www.chess.com"]

[Event "Titled Tuesday Blitz June 28 Late 2022"]
[White "Przybylski, Wojciech"]
[Black "Manukian, Artak"]
[WhiteFideId "1117599"]
[BlackFideId "13301373"]
[WhiteElo "2133"]
[BlackElo "2467"]
[Result "1-0"]
[Round "08"]
[TimeControl "180+1"]
[Date "2022.06.29"]
[WhiteClock "0:01:01"]
[BlackClock "0:01:22"]

1. d4 Nf6 2. g3 d5 3. Bg2 Bg4 4. h3 Bh5 5. c4 c6 6. Qb3 Qb6 7. c5 Qxb3 8. axb3 Na6 9. Bd2 Nc7 10. f4 e6 11. Nf3 Ne4 12. g4 Bg6 13. Ne5 f6 14. Nxg6 hxg6 15. Nc3 f5 16. b4 a6 17. g5 Rh4 18. Bxe4 dxe4 19. e3 Nd5 20. Na4 O-O-O 21. Kf2 Be7 22. Kg3 Rdh8 23. b3 Bd8 24. Nb2 Bc7 25. Nc4 R8h5 26. Kg2 Rh8 27. Be1 R4h5 28. h4 Kd7 29. Rh3 R8h7 30. Kf1 Rh8 31. Ra2 R8h7 32. Ke2 Bxf4 33. exf4 Nxf4+ 34. Ke3 Nxh3 35. Ne5+ Ke8 36. b5 axb5 37. Ra8+ Ke7 38. Rb8 Rxh4 39. Bxh4 Rxh4 40. Nxg6+ 1-0


[Site "https://www.chess.com"]

[Event "Titled Tuesday Blitz June 28 Late 2022"]
[White "Rasulov, Vugar"]
[Black "Lashkin, Jegor"]
[WhiteFideId "13402390"]
[BlackFideId "13907808"]
[WhiteElo "2560"]
[BlackElo "2368"]
[Result "1-0"]
[Round "08"]
[TimeControl "180+1"]
[Date "2022.06.28"]
[WhiteClock "0:00:15"]
[BlackClock "0:00:01"]

1. d4 Nf6 2. c4 e6 3. Nf3 d5 4. Nc3 Bb4 5. Bg5 dxc4 6. g3 b5 7. Bg2 Bb7 8. O-O a6 9. a4 Bxc3 10. bxc3 Nbd7 11. Qb1 Bc6 12. Re1 h6 13. Bxf6 Nxf6 14. e4 O-O 15. Ne5 Be8 16. h4 Qe7 17. axb5 Bxb5 18. Qa2 c5 19. d5 Rad8 20. Nxc4 exd5 21. exd5 Qc7 22. Qa5 Qb8 23. Ne3 c4 24. Qb4 Qd6 25. Reb1 g6 26. Ra5 Qc7 27. Ra2 Rfe8 28. Re2 h5 29. Qb2 Qc5 30. Rd1 Nd7 31. Rd4 Ne5 32. Red2 Nd3 33. Qb1 a5 34. Qa2 Ne5 35. d6 Kg7 36. Qxa5 Ra8 37. Bxa8 Nc6 38. Bxc6 Qxc6 39. Qc7 Qf3 40. d7 Rxe3 41. fxe3 Qxe3+ 42. Kh2 Bxd7 43. Qxd7 1-0


[Site "https://www.chess.com"]

[Event "Titled Tuesday Blitz June 28 Late 2022"]
[White "Ricaurte Lopez, Juan Carlos"]
[Black "De La Colina, Nicolas"]
[WhiteFideId "3600327"]
[BlackFideId "30946921"]
[WhiteElo "2209"]
[BlackElo "2046"]
[Result "1/2-1/2"]
[Round "08"]
[TimeControl "180+1"]
[Date "2022.06.29"]
[WhiteClock "0:00:30"]
[BlackClock "0:00:33"]

1. e4 c5 2. Nf3 Nc6 3. d4 cxd4 4. Nxd4 Nf6 5. Nc3 d6 6. f4 g6 7. Nf3 Bg7 8. Bd3 O-O 9. O-O a6 10. a4 Bd7 11. Kh1 Rc8 12. Qe1 Nb4 13. Qh4 Nxd3 14. cxd3 Qa5 15. f5 Rfe8 16. Bh6 Bh8 17. Rae1 Qb4 18. fxg6 hxg6 19. Ng5 Qxb2 20. Nd5 Rc2 21. Bf8 Nh5 22. Nxe7+ Rxe7 23. Bxe7 Rxg2 24. Rxf7 Be5 25. Rf8+ Kg7 26. Rf7+ Kg8 27. Rf8+ Kg7 28. Rf7+ Kg8 1/2-1/2


[Site "https://www.chess.com"]

[Event "Titled Tuesday Blitz June 28 Late 2022"]
[White "Richter, Nils"]
[Black "Rizzo, Tobias"]
[WhiteFideId "12990809"]
[BlackFideId "30942691"]
[WhiteElo "2311"]
[BlackElo "2291"]
[Result "1-0"]
[Round "08"]
[TimeControl "180+1"]
[Date "2022.06.29"]
[WhiteClock "0:00:35"]
[BlackClock "0:00:02"]

1. Nf3 Nf6 2. g3 g6 3. Bg2 Bg7 4. O-O O-O 5. d4 d5 6. c3 b6 7. Ne5 Bb7 8. Nd2 c5 9. Ndf3 Nc6 10. Bf4 Rc8 11. Nxc6 Bxc6 12. Be5 Ne4 13. Bxg7 Kxg7 14. Ne5 Ba8 15. Qa4 Qc7 16. Nd3 cxd4 17. Qxd4+ Nf6 18. Rad1 Rfd8 19. h4 h5 20. Ne5 Qd6 21. Rd2 Kg8 22. Rfd1 Qc5 23. Qf4 b5 24. e3 a5 25. a3 Qc7 26. Rd4 Bb7 27. Bf1 Qc5 28. Qg5 Kg7 29. Bd3 Nh7 30. Qf4 Nf6 31. Bxg6 fxg6 32. Qg5 Rf8 33. Qxg6+ Kh8 34. Qh6+ Kg8 35. Qg6+ Kh8 36. Rf4 Nh7 37. Nf7+ Rxf7 38. Rxf7 1-0


[Site "https://www.chess.com"]

[Event "Titled Tuesday Blitz June 28 Late 2022"]
[White "Riehle, Marco"]
[Black "Chen, Max"]
[WhiteFideId "12904392"]
[BlackFideId "2622440"]
[WhiteElo "2462"]
[BlackElo "2498"]
[Result "1-0"]
[Round "08"]
[TimeControl "180+1"]
[Date "2022.06.28"]
[WhiteClock "0:00:39"]
[BlackClock "0:00:03"]

1. e4 c5 2. a3 g6 3. h4 h6 4. h5 g5 5. Nc3 Bg7 6. Bc4 e6 7. d3 Ne7 8. f4 d5 9. Ba2 Bxc3+ 10. bxc3 dxe4 11. fxg5 Qd6 12. Ne2 exd3 13. cxd3 hxg5 14. Bxg5 b6 15. Qd2 Nd7 16. O-O-O Bb7 17. h6 O-O-O 18. h7 Bxg2 19. Rh4 f6 20. Bf4 e5 21. Be3 Bd5 22. Bxd5 Qxd5 23. c4 Qf3 24. Ng1 Qf5 25. Qg2 Kb8 26. Qg7 Qe6 27. Rf1 Rde8 28. Rh5 Qd6 29. Kc2 Qc6 30. Ne2 Qa4+ 31. Kb2 Kc7 32. Nc3 Qc6 33. Rh6 Qe6 34. Rhxf6 Nxf6 35. Rxf6 Qd7 36. Rf7 Kd8 37. Nd5 Qh3 38. Rxe7 Qh2+ 39. Kb3 Qh3 40. Rxe8+ 1-0


[Site "https://www.chess.com"]

[Event "Titled Tuesday Blitz June 28 Late 2022"]
[White "Rios Escobar, Adan"]
[Black "Prydun, Andriy"]
[WhiteFideId "3403645"]
[BlackFideId "14145898"]
[WhiteElo "2461"]
[BlackElo "2063"]
[Result "1-0"]
[Round "08"]
[TimeControl "180+1"]
[Date "2022.06.29"]
[WhiteClock "0:01:17"]
[BlackClock "0:00:03"]

1. d4 Nf6 2. g3 c5 3. d5 e5 4. c4 d6 5. Nc3 g6 6. e4 Bg7 7. Bg2 O-O 8. Nge2 Ne8 9. O-O f5 10. f4 fxe4 11. Nxe4 Bg4 12. h3 Bf5 13. N2c3 Nd7 14. g4 Bxe4 15. Nxe4 exf4 16. Rxf4 Bd4+ 17. Kh1 Qe7 18. Qf3 Nef6 19. Ng5 Qe1+ 20. Qf1 Qxf1+ 21. Rxf1 Be5 22. Ne6 Rf7 23. Rb1 Re8 24. Bh6 1-0


[Site "https://www.chess.com"]

[Event "Titled Tuesday Blitz June 28 Late 2022"]
[White "Rostovtsev, Dmitry"]
[Black "Svane, Rasmus"]
[WhiteFideId "34278320"]
[BlackFideId "4657101"]
[WhiteElo "2311"]
[BlackElo "2674"]
[Result "0-1"]
[Round "08"]
[TimeControl "180+1"]
[Date "2022.06.28"]
[WhiteClock "0:00:01"]
[BlackClock "0:00:04"]

1. e4 c6 2. d4 d5 3. Nc3 dxe4 4. Nxe4 Nf6 5. Nxf6+ exf6 6. c3 Bd6 7. Bd3 O-O 8. Qc2 Re8+ 9. Ne2 h5 10. O-O h4 11. h3 Nd7 12. Bf4 Nf8 13. Bxd6 Qxd6 14. Qd2 Ng6 15. Rfe1 Be6 16. Bxg6 fxg6 17. Qf4 Qxf4 18. Nxf4 Bf7 19. a3 g5 20. Nd3 Bc4 21. Nc5 b6 22. Ne4 Rad8 23. f3 Kf7 24. Kf2 Kg6 25. Nd2 Be6 26. Re2 Bf7 27. Rae1 Rxe2+ 28. Rxe2 Rd7 29. Ke1 f5 30. Kf2 Kf6 31. Ke1 Be6 32. Re5 c5 33. Re3 cxd4 34. cxd4 Rxd4 35. Rc3 g4 36. Rc7 Rd7 37. Rc6 gxh3 38. gxh3 g5 39. Ke2 Re7 40. Ke3 Kf7 41. Kf2 Rd7 42. Nf1 f4 43. Kg2 Rd3 44. Rc7+ Kf6 45. Rxa7 Rb3 46. Rc7 Rxb2+ 47. Kg1 Bxh3 48. Nh2 Be6 49. Rc6 Ke5 50. Rc3 Rb3 51. Rc6 Rxa3 52. Rxb6 h3 53. Rb5+ Kf6 54. Rc5 Ra1+ 55. Kf2 Rh1 56. Ng4+ Bxg4 57. fxg4 Rh2+ 58. Kf3 Rg2 59. Rc6+ Ke7 60. Rh6 Rg3+ 61. Ke4 Kf7 62. Kf5 f3 63. Kxg5 Ke7 64. Rh7+ Ke6 65. Kf4 f2 66. Kxg3 f1=Q 67. Rxh3 Kf6 68. Rh5 Qe2 69. Rf5+ Kg6 70. Kf4 Qf2+ 71. Ke4 Qg3 72. Rf4 Kg5 73. Rf8 Qxg4+ 74. Ke5 Qe2+ 75. Kd5 Qd3+ 76. Ke6 Qc4+ 77. Ke7 Qc5+ 78. Ke8 Qe5+ 79. Kd8 Qd6+ 80. Ke8 Qc7 0-1


[Site "https://www.chess.com"]

[Event "Titled Tuesday Blitz June 28 Late 2022"]
[White "Salem, A.R. Saleh"]
[Black "Pakleza, Zbigniew"]
[WhiteFideId "9301348"]
[BlackFideId "1119290"]
[WhiteElo "2679"]
[BlackElo "2467"]
[Result "1-0"]
[Round "08"]
[TimeControl "180+1"]
[Date "2022.06.28"]
[WhiteClock "0:01:25"]
[BlackClock "0:00:17"]

1. d4 d6 2. e4 Nf6 3. f3 Nbd7 4. Be3 e5 5. d5 Be7 6. Qd2 O-O 7. Ne2 Ne8 8. Na3 g6 9. O-O-O f5 10. exf5 gxf5 11. Bh6 Ng7 12. g4 f4 13. Nc3 a6 14. Nc4 Bg5 15. Bxg7 Kxg7 16. h4 Be7 17. g5 Nb6 18. Na5 Rb8 19. Bd3 Bf5 20. Rdg1 Qd7 21. b3 Bxd3 22. Qxd3 Qf5 23. Ne4 Nd7 24. h5 Nc5 25. Nxc5 dxc5 26. Qe2 b5 27. Nc6 Rbe8 28. h6+ Kh8 29. Qxe5+ Qxe5 30. Nxe5 Bd6 31. g6 Rf5 32. Nf7+ Kg8 33. gxh7+ Kxf7 34. Rg7+ Kf6 35. Rg8 1-0


[Site "https://www.chess.com"]

[Event "Titled Tuesday Blitz June 28 Late 2022"]
[White "Samsonkin, Artiom"]
[Black "Silva, Miguel Antonio Neto"]
[WhiteFideId "13503111"]
[BlackFideId "1911929"]
[WhiteElo "2513"]
[BlackElo "2204"]
[Result "1-0"]
[Round "08"]
[TimeControl "180+1"]
[Date "2022.06.29"]
[WhiteClock "0:00:14"]
[BlackClock "0:00:18"]

1. d4 Nf6 2. Bf4 d5 3. e3 c5 4. Nc3 a6 5. dxc5 e5 6. Bxe5 Bxc5 7. Nf3 Be6 8. Bd3 Nc6 9. Bg3 Bb4 10. O-O O-O 11. Bh4 Rc8 12. Ne2 Be7 13. Ned4 Bg4 14. h3 Bh5 15. Nf5 Bc5 16. Be2 Re8 17. c3 Bg6 18. Bd3 Ne5 19. Nxe5 Rxe5 20. Nd4 Qb6 21. Bxg6 hxg6 22. Nb3 Bf8 23. Qd4 Qe6 24. Bxf6 gxf6 25. Rad1 b6 26. Qd3 a5 27. Nd4 Qd7 28. Nf3 Rh5 29. e4 Rd8 30. exd5 Rxd5 31. Qxd5 Qxd5 32. Rxd5 Rxd5 33. Nd4 Bc5 34. Rd1 Re5 35. Kf1 Kg7 36. Re1 Rd5 37. Rd1 Re5 38. Nf3 Re6 39. Rd5 f5 40. Nd4 Re4 41. Nb3 Bf8 42. Nd2 Re6 43. Nc4 Bc5 44. b3 Be7 45. Re5 Rxe5 46. Nxe5 Bf6 47. Nd7 b5 48. c4 bxc4 49. bxc4 Bd4 50. Nb8 Kf6 51. Nc6 Bc5 52. Nxa5 Ke5 53. Nb3 Bb4 54. a4 Kd6 55. Ke2 Kc6 56. Kd3 f6 57. f3 Bd6 58. g4 fxg4 59. fxg4 f5 60. gxf5 gxf5 61. Nd4+ Kc5 62. Nxf5 Bf8 63. h4 Kb4 64. h5 Kxa4 65. h6 1-0


[Site "https://www.chess.com"]

[Event "Titled Tuesday Blitz June 28 Late 2022"]
[White "Sanchez Alarcon, Juan"]
[Black "Voege, Tobias"]
[WhiteFideId "3401332"]
[BlackFideId "1270513"]
[WhiteElo "2164"]
[BlackElo "2379"]
[Result "0-1"]
[Round "08"]
[TimeControl "180+1"]
[Date "2022.06.29"]
[WhiteClock "0:00:33"]
[BlackClock "0:00:23"]

1. e4 e6 2. d4 d5 3. Nc3 Bb4 4. e5 c5 5. a3 Bxc3+ 6. bxc3 Qa5 7. Bd2 c4 8. Qg4 g6 9. h4 h5 10. Qg3 Ne7 11. Nf3 Qa4 12. Kd1 a5 13. Ng5 Qb5 14. Bc1 Nd7 15. Qf4 Nf5 16. f3 Nb6 17. g4 hxg4 18. fxg4 Nh6 19. h5 Qd7 20. hxg6 fxg6 21. Nf3 Nf7 22. Rxh8+ Nxh8 23. Qh6 Nf7 24. Qxg6 Qe7 25. Ng5 Na4 26. Nxf7 Nxc3+ 27. Kd2 Ne4+ 28. Ke2 Qxf7 29. Qxf7+ Kxf7 30. Bg2 Nc3+ 31. Kd2 Nb5 32. c3 Bd7 33. Bb2 Rh8 34. Rf1+ Kg7 35. Rf2 Rh2 36. Ke2 Be8 37. Bf3 Rxf2+ 38. Kxf2 Bg6 39. Bd1 Nc7 40. a4 Be8 41. Ba3 Na8 42. Bc5 b6 43. Bd6 b5 44. axb5 Bxb5 45. Be7 Kf7 46. Bd6 Nb6 47. Bc7 a4 48. Bd6 Nd7 49. Bc2 Nf8 50. g5 Ng6 51. Ke1 Nf4 52. Kd2 Nh3 53. g6+ Kg7 54. Kc1 Nf4 55. Kb2 Nxg6 56. Ka3 Be8 57. Bxa4 Bf7 58. Bd7 Kh6 59. Kb4 Kg5 60. Bc7 Kf5 61. Bd8 Nf4 62. Bh4 Nd3+ 63. Ka3 Ke4 64. Be7 Nf4 65. Bb4 Kd3 66. Kb2 Ne2 67. Bc8 Ng3 68. Bd7 Nf5 69. Bc8 Ne3 70. Bd7 Nd1+ 71. Kc1 Nxc3 72. Bc5 Ne2+ 73. Kd1 Nxd4 0-1


[Site "https://www.chess.com"]

[Event "Titled Tuesday Blitz June 28 Late 2022"]
[White "Sargsyan, Anna M."]
[Black "Nilsson, Joakim"]
[WhiteFideId "13308130"]
[BlackFideId "1723383"]
[WhiteElo "2271"]
[BlackElo "2210"]
[Result "1-0"]
[Round "08"]
[TimeControl "180+1"]
[Date "2022.06.29"]
[WhiteClock "0:00:35"]
[BlackClock "0:00:05"]

1. d4 Nf6 2. c4 e6 3. Nf3 Bb4+ 4. Bd2 c5 5. g3 O-O 6. Bg2 Nc6 7. Bxb4 cxb4 8. O-O d6 9. a3 bxa3 10. Nxa3 e5 11. d5 Nb4 12. Re1 a5 13. e4 Nd7 14. Nb5 Nc5 15. Ra3 Qb6 16. Qd2 Bd7 17. Nc3 Ra6 18. h4 Rc8 19. Kh2 Ncd3 20. Rf1 Rxc4 21. Qg5 Rc8 22. Nd1 h6 23. Qe7 Nc5 24. h5 f6 25. Nxe5 dxe5 26. Rc3 Qd6 27. Qxd6 Rxd6 28. Ne3 Ncd3 29. Ra3 b6 30. Rb1 Nxf2 31. Kg1 Nfd3 32. Bf1 Nc5 33. Bg2 Nb7 34. Bf1 b5 35. Rc3 Rc5 36. Rbc1 Rxc3 37. Rxc3 Kf7 38. Rc7 Nd8 39. Bxb5 Ke8 40. Nf5 Bxb5 41. Nxd6+ Kf8 42. Nxb5 Nf7 43. d6 Na6 44. Rc8+ Nd8 45. Rxd8+ Kf7 46. Ra8 Ke6 47. Rxa6 1-0


[Site "https://www.chess.com"]

[Event "Titled Tuesday Blitz June 28 Late 2022"]
[White "Schekachikhin, Maksim"]
[Black "Ahn, Hongjin"]
[WhiteFideId "24177830"]
[BlackFideId "13201492"]
[WhiteElo "2239"]
[BlackElo "1873"]
[Result "1-0"]
[Round "08"]
[TimeControl "180+1"]
[Date "2022.06.29"]
[WhiteClock "0:01:17"]
[BlackClock "0:00:03"]

1. e4 e6 2. d4 d5 3. Nd2 Be7 4. Bd3 Nf6 5. e5 Nfd7 6. Ne2 c5 7. c3 Nc6 8. O-O g5 9. Re1 h5 10. a3 h4 11. b4 cxd4 12. cxd4 Qb6 13. Nb3 g4 14. Be3 a5 15. b5 Nd8 16. a4 Bb4 17. Bd2 Be7 18. Rc1 Rg8 19. Be3 Bb4 20. Rf1 g3 21. fxg3 Nxe5 22. Nc5 Ng4 23. Bd2 Qd6 24. h3 b6 25. Bxb4 axb4 26. Na6 e5 27. Nc7+ Kf8 28. Nxa8 Bb7 29. hxg4 Bxa8 30. Rc8 Bb7 31. dxe5 Qd7 32. e6 hxg3 33. exd7 1-0


[Site "https://www.chess.com"]

[Event "Titled Tuesday Blitz June 28 Late 2022"]
[White "Sibilio, Mario"]
[Black "Gardezi, Arsal"]
[WhiteFideId "800422"]
[BlackFideId "30949521"]
[WhiteElo "2296"]
[BlackElo "1781"]
[Result "1-0"]
[Round "08"]
[TimeControl "180+1"]
[Date "2022.06.29"]
[WhiteClock "0:00:16"]
[BlackClock "0:00:01"]

1. Nf3 Nf6 2. c4 c6 3. Nc3 d5 4. d4 e6 5. Bg5 dxc4 6. e3 b5 7. a4 Qb6 8. Bxf6 gxf6 9. Nd2 Nd7 10. Qh5 Rb8 11. Be2 a6 12. O-O Bb7 13. b3 cxb3 14. Nxb3 bxa4 15. Na5 c5 16. Nxb7 Qxb7 17. d5 Bd6 18. dxe6 Ne5 19. Rxa4 Rg8 20. Ne4 Ke7 21. exf7 Nxf7 22. Bf3 Ne5 23. Qxh7+ Kf8 24. Qh6+ Rg7 25. Qxf6+ 1-0


[Site "https://www.chess.com"]

[Event "Titled Tuesday Blitz June 28 Late 2022"]
[White "Simonovic, Miroslav"]
[Black "Mangialardo, Tiago Carvalho"]
[WhiteFideId "919152"]
[BlackFideId "2130718"]
[WhiteElo "2043"]
[BlackElo "2058"]
[Result "1-0"]
[Round "08"]
[TimeControl "180+1"]
[Date "2022.06.29"]
[WhiteClock "0:01:10"]
[BlackClock "0:00:01"]

1. d4 d5 2. Bg5 g6 3. h4 h6 4. Bf4 Bg7 5. e3 e6 6. c4 Nf6 7. Nc3 b6 8. Nb5 Na6 9. Qa4 O-O 10. Nf3 c6 11. Nd6 Ne4 12. Qxc6 Nb4 13. Qxa8 Nxd6 14. Bxd6 Qxd6 15. Kd2 Qd7 16. cxd5 exd5 17. a4 Ba6 18. Qxf8+ Bxf8 19. Bxa6 Nxa6 20. Rhc1 Bb4+ 21. Ke2 f6 22. Rc2 Qg4 23. Rac1 Kf7 24. Rc8 Ke6 25. Ra8 Bd6 26. Rxa7 Nb4 27. Rc8 Qe4 28. Re8+ Kf5 29. Rxe4 dxe4 30. Nd2 Nd3 31. b3 Bb4 32. Rb7 1-0


[Site "https://www.chess.com"]

[Event "Titled Tuesday Blitz June 28 Late 2022"]
[White "Souleidis, Georgios"]
[Black "Melikhov, Evgeny V."]
[WhiteFideId "4206827"]
[BlackFideId "4122046"]
[WhiteElo "2401"]
[BlackElo "1904"]
[Result "1-0"]
[Round "08"]
[TimeControl "180+1"]
[Date "2022.06.29"]
[WhiteClock "0:00:51"]
[BlackClock "0:00:29"]

1. e4 e5 2. Nf3 Nc6 3. Nc3 Nf6 4. d4 exd4 5. Nd5 d6 6. Nxd4 Nxd5 7. exd5 Nxd4 8. Qxd4 Qe7+ 9. Be3 Qe5 10. Bb5+ c6 11. Qxe5+ dxe5 12. dxc6 Kd8 13. O-O-O+ Kc7 14. cxb7 Kxb7 15. Bc4 Be6 16. Bxe6 fxe6 17. Rd7+ Kc6 18. Rhd1 Bc5 19. Bxc5 Kxc5 20. Rxg7 Rhf8 21. f3 e4 22. fxe4 Rf2 23. b3 Rc8 24. Rd2 Rf4 25. Rxh7 Rxe4 26. Rxa7 Re8 27. Rc7+ Kb6 28. Rdd7 Re2 29. Re7 Rf8 30. Rf7 Rh8 31. Rh7 Rf8 32. Rcf7 Rd8 33. Rb7+ Ka6 34. Rbc7 Rxg2 35. Rc6+ Kb5 36. Rxe6 Rdd2 37. Rh5+ 1-0


[Site "https://www.chess.com"]

[Event "Titled Tuesday Blitz June 28 Late 2022"]
[White "Steinberg, Nitzan"]
[Black "Deac, Bogdan-Daniel"]
[WhiteFideId "2801795"]
[BlackFideId "1226380"]
[WhiteElo "2471"]
[BlackElo "2648"]
[Result "1/2-1/2"]
[Round "08"]
[TimeControl "180+1"]
[Date "2022.06.28"]
[WhiteClock "0:00:04"]
[BlackClock "0:00:04"]

1. e4 c5 2. Nf3 d6 3. d4 cxd4 4. Nxd4 Nf6 5. Nc3 a6 6. h4 Nbd7 7. f3 h5 8. a4 b6 9. Be3 Bb7 10. Bc4 e6 11. Qe2 Ne5 12. Bb3 Rc8 13. Rd1 Qc7 14. Bg5 Be7 15. Bxe6 fxe6 16. Nxe6 Qc4 17. Nxg7+ Kf7 18. Nf5 Qxe2+ 19. Kxe2 Rhd8 20. Rd4 Nc4 21. b3 Ne5 22. Kd2 Bf8 23. Rd1 Rd7 24. Ne2 d5 25. exd5 Rxd5 26. c4 Nxc4+ 27. bxc4 Rxf5 28. Ng3 Ra5 29. Rf4 Be7 30. Nxh5 Rc6 31. Re1 Bd8 32. g4 Rxa4 33. Bxf6 Bxf6 34. g5 Raxc4 35. Rxc4 Rxc4 36. gxf6 Bxf3 37. Re7+ Kf8 38. Ng7 Bg4 39. h5 Rc6 40. h6 Rxf6 41. h7 Rh6 42. Rc7 Rxh7 43. Ne6+ Bxe6 44. Rxh7 b5 45. Ra7 Bc4 46. Kc3 Ke8 47. Kb4 Kd8 48. Rxa6 Ke8 49. Kc5 Ke7 50. Ra7+ Ke6 51. Rb7 Ke5 52. Rxb5 Bxb5 1/2-1/2


[Site "https://www.chess.com"]